 Dungeon Crawl Stone Soup version 0.28.0 (webtiles) character file.

Game seed: 3742029041835253637

314 issech the Cudgeller (level 6, -5/61 HPs)
             Began as a Troll Monk on Feb 6, 2022.
             Slain by Menkaure (22 damage)
             ... on level 4 of the Dungeon.
             The game lasted 00:09:30 (2543 turns).

issech the Cudgeller (Troll Monk)                   Turns: 2543, Time: 00:09:31

Health: -5/61      AC:  4    Str: 20    XL:     6   Next: 19%
Magic:  5/5        EV: 11    Int:  6    God:
Gold:   100        SH:  0    Dex: 20    Spells: 5/5 levels left

rFire   . . .      SeeInvis .   a - +0 mace
rCold   + . .      Faith    .   (no shield)
rNeg    . . .      Spirit   .   b - +0 robe
rPois   .          Reflect  .   (helmet restricted)
rElec   .          Harm     .   (no cloak)
rCorr   .          Rampage  .   (gloves unavailable)
Will    .....                   (boots unavailable)
Stlth   ++........              i - amulet of magic regeneration
HPRegen 1.00/turn               f - +6 ring of dexterity
MPRegen 0.49/turn               h - ring of protection from cold

@: no status effects
A: large, unfitting armour, claws 3, regeneration 1, shaggy fur 1, tough skin 1
a: no special abilities


You were on level 4 of the Dungeon.
You visited 1 branch of the dungeon, and saw 4 of its levels.

You collected 100 gold pieces.

Inventory:

Hand Weapons
 a - a +0 mace (weapon)
 q - a +1 quarterstaff of speed
 r - a +0 shortbow
Missiles
 c - 10 bolts
 k - 4 poisoned darts
 m - 5 atropa-tipped darts
 n - 70 arrows
 o - 9 stones (quivered)
 t - 20 sling bullets
Armour
 b - a +0 robe (worn)
 y - a scarf of invisibility
Jewellery
 f - a +6 ring of dexterity (left claw)
 h - a ring of protection from cold (right claw)
 i - an amulet of magic regeneration (around neck)
 u - a ring of protection from cold
Wands
 x - a wand of flame (40)
Scrolls
 g - 2 scrolls of identify {unknown}
 j - a scroll of enchant weapon {unknown}
 l - a scroll of magic mapping {unknown}
 v - a scroll of immolation {unknown}
Potions
 d - a potion of ambrosia {unknown}
 e - a potion of might {unknown}
 p - a potion of attraction {unknown}
 s - a potion of magic {unknown}
 w - 2 potions of lignification {unknown}


   Skills:
 + Level 3.4 Fighting
 + Level 4.6 Maces & Flails
 + Level 3.3 Dodging
 + Level 1.8 Stealth


You had 5 spell levels left.
You didn't know any spells.
Your spell library contained the following spells:

 Spells                   Type           Power      Damage    Failure   Level
 Static Discharge         Conj/Air       0%         N/A       58%         2
 Lightning Bolt           Conj/Air       0%         1d11      100%        5
 Maxwell's Capacitive Co  Air            0%         ∞         100%        8


Dungeon Overview and Level Annotations

Branches:
Dungeon (4/15)
 Temple: D:4-7

Altars:
Gozag
Nemelex Xobeh
Sif Muna
Vehumet

Shops:
D:3 *

Annotations:
D:4 Menkaure


Innate Abilities, Weirdness & Mutations

You are too large for most types of armour.
You have claws for hands.
Your natural rate of healing is unusually fast.
You are covered in fur. (AC +1)
You have tough skin. (AC +1)


Message History

Throw: 10 stones
Press: ? - help, Q - select action, (/) - cycle Shift-Dir - straight line, f/p - Menkaure
Aim: Menkaure (lightly damaged, 77% to hit)
You throw a stone. The stone barely misses Menkaure.
Unknown command.
You hit Menkaure.
Menkaure is lightly damaged.
Menkaure barely misses you.
You hit Menkaure.
Menkaure is moderately damaged.
Menkaure barely misses you.
You hit Menkaure.
Menkaure is moderately damaged.
Menkaure misses you.
Unknown command.
You hit Menkaure but do no damage.
Menkaure is moderately damaged.
Menkaure draws the symbol "Udjat" in the dust.
Menkaure barely misses you.
You hit Menkaure but do no damage.
Menkaure is moderately damaged.
Menkaure calls on the powers of darkness!
Your body is wracked with pain!
You hit Menkaure but do no damage.
Menkaure is moderately damaged.
Menkaure hits you.
* * * LOW HITPOINT WARNING * * *
You hit Menkaure.
Menkaure is heavily damaged.
Menkaure hits you.
* * * LOW HITPOINT WARNING * * *
You thump Menkaure!
Menkaure is severely damaged.
You hit Menkaure but do no damage.
Menkaure is severely damaged.
Menkaure hits you but does no damage.
You hit Menkaure.
Menkaure is almost destroyed.
Menkaure hits you!!
You die...

#.# #.# #.#
#.# #.# #<#
#.#
#.############
#...(..((.M@.#
##############


You could see Menkaure.

Vanquished Creatures
  A centaur (D:3)
  Blork the orc (D:4)
  Jessica (D:3)
  Terence (D:2)
  Robin (D:2)
  3 gnolls (D:3)
  An ufetubus (D:4)
  A worm (D:2)
  2 dart slugs (D:1)
  3 orcs
  A bat (D:2)
  7 endoplasms
  A giant cockroach (D:1)
  7 goblins
  6 hobgoblins
  6 jackals
  3 quokkas
  7 ball pythons
  4 frilled lizards
  3 kobolds
  4 rats
64 creatures vanquished.

Notes
Turn   | Place    | Note
-------+----------+-------------------------------------------
     0 | D:1      | issech the Troll Monk began the quest for the Orb.
     0 | D:1      | Reached XP level 1. HP: 22/22 MP: 0/0
   157 | D:1      | Reached XP level 2. HP: 29/29 MP: 1/1
   229 | D:1      | Found a faded altar of an unknown god.
   329 | D:1      | Reached skill level 3 in Maces & Flails
   770 | D:2      | Reached XP level 3. HP: 35/36 MP: 2/2
   867 | D:2      | Noticed Terence
   883 | D:2      | Killed Terence
   962 | D:2      | Noticed Robin
   977 | D:2      | Killed Robin
   978 | D:2      | Reached XP level 4. HP: 13/44 MP: 3/3
  1057 | D:2      | You fall into a shaft and drop 2 floors!
  1156 | D:3      | Noticed a centaur
  1178 | D:3      | Killed a centaur
  1179 | D:3      | Reached skill level 4 in Maces & Flails
  1179 | D:3      | Reached XP level 5. HP: 15/53 MP: 4/4
  1369 | D:3      | Found a shimmering blue altar of Sif Muna.
  1369 | D:3      | Found a faded altar of an unknown god.
  1377 | D:3      | Found a sparkling altar of Nemelex Xobeh.
  1380 | D:3      | Found a faded altar of an unknown god.
  1382 | D:3      | Found an opulent altar of Gozag.
  1961 | D:3      | Noticed Jessica
  1974 | D:3      | Killed Jessica
  1996 | D:3      | Found Qaatos's Assorted Antiques.
  2294 | D:3      | Found a radiant altar of Vehumet.
  2367 | D:4      | Noticed Blork the orc
  2377 | D:4      | Killed Blork the orc
  2378 | D:4      | Reached XP level 6. HP: 23/61 MP: 5/5
  2454 | D:4      | Noticed Menkaure
  2543 | D:4      | Slain by Menkaure

Illustrated notes

Levels and vault maps discovered:
D:1:      grunt_arrival_lava_bath, layout_rooms,
          hellmonk_ecumenical_altar_dog_temple, serial_park_tiny_2,
          hangedman_decor_growths, chequers_serial_rivers_room_a
D:2:      layout_loops_ring, serial_aquarium, aquarium_bridge_square
          [aquarium_subvault_wall, aquarium_subvault_bridge,
          aquarium_subvault_wall, aquarium_subvault_bridge],
          aquarium_window_corridor_3, aquarium_window_1, aquarium_window_1,
          aquarium_window_1, aquarium_view_2c, aquarium_balcony_3a,
          aquarium_pool_S, uniq_robin, uniq_terence
D:3:      layout_loops_ring, chequers_temple_overflow_minitemple,
          vehumet_altar_wand_db, serial_shops, nicolae_lakefront_shop,
          uniq_jessica
D:4:      minmay_door_path, layout_basic, grunt_tough_drop, uniq_blork_the_orc,
          uniq_sigmund, uniq_menkaure

Skill      XL: |  1  2  3  4 |
---------------+-------------+-----
Maces & Flails | 3 4 |  4.6
Fighting       | 3 |  3.4
Dodging        | 3 |  3.3
Stealth        | |  1.8

Action                   |  1- 3 |  4- 6 || total
-------------------------+-------+-------++-------
Melee: Mace              |    89 |    99 ||   188
       Punch             |       |     2 ||     2
Throw: Stone             |       |     6 ||     6
       Dart              |       |     2 ||     2
 Stab: Sleeping          |     6 |     6 ||    12
Armor: Robe              |    27 |    33 ||    60
Dodge: Dodged            |    62 |    73 ||   135
